 Dungeon Sprint DCSS version 0.28-a0-79-g444c7a33f5 (webtiles) character file.

Game seed: 14122029128825470238

288 Zeldest the Martial Artist (level 8, -4/70 HPs)
             Began as a Vine Stalker Transmuter on Aug 2, 2021.
             Was a Priest of Ru.
             Slain by the 27-headed Lernaean hydra (6 damage)
             ... in the Dungeon (Sprint VI: "Thunderdome").
             The game lasted 00:08:52 (571 turns).

Zeldest the Martial Artist (Vine Stalker Transmuter) Turns: 571, Time: 00:08:52

Health: -4/70      AC:  4    Str: 14    XL:     8   Next: 36%
Magic:  0/12       EV: 15    Int: 13    God:    Ru [***...]
Gold:   112        SH:  0    Dex: 16    Spells: 8/11 levels left

rFire   . . .      SeeInvis .     - Unarmed
rCold   . . .      Faith    .   (no shield)
rNeg    . . .      Spirit   +   l - +0 troll leather armour
rPois   .          Reflect  .   (helmet currently unavailable)
rElec   .          Harm     .   (no cloak)
rCorr   .          Rampage  .   (no gloves)
Will    +....      NoTele   +   (boots currently unavailable)
Stlth   ..........              (no amulet)
HPRegen 2.21/turn               (no ring)
MPRegen 0.13/turn               (no ring)

@: berserking, appendages, hasted, very quick
A: horns 2, talons 2, fangs 3, regeneration 1, magic shield, antimagic bite, no
potion heal 2, inability to use devices, hated by all
a: End Transformation, Renounce Religion, Draw Out Power


You were in the Dungeon.
You worshipped Ru.
Ru was most pleased with you.
You had temporarily grown beastly horns and talons.
You visited 1 branch You collected 600 gold pieces.
You spent 488 gold pieces at shops.

Inventory:

Armour
 a - a +0 robe
 l - a +0 troll leather armour (worn)
Wands
 h - a wand of acid (3)
 i - a wand of iceblast (3)
Scrolls
 f - 4 scrolls of blinking
 k - 3 scrolls of fog
Potions
 c - 3 potions of haste
 d - 2 potions of magic
 g - a potion of resistance
 j - 2 potions of heal wounds


   Skills:
 + Level 7.7 Fighting
 + Level 7.2 Dodging
 + Level 9.0 Unarmed Combat
 - Level 2.1 Spellcasting
 + Level 8.6 Transmutations
 + Level 6.5 Air Magic


You had 8 spell levels left.
You knew the following spells:

 Your Spells              Type           Power      Damage    Failure   Level
a - Beastly Appendage     Tmut           46%        N/A       1%          1
b - Wereblood             Tmut           23%        N/A       1%          2

Your spell library contained the following spells:

 Spells                   Type           Power      Damage    Failure   Level
 Spider Form              Tmut/Pois      6%         N/A       16%         3
 Ice Form                 Ice/Tmut       12%        N/A       47%         4
 Storm Form               Tmut/Air       10%        N/A       100%        7
 Maxwell's Capacitive Co  Air            9%         ∞         100%        8
 Summon Lightning Spire   Summ/Air       Unusable   N/A       N/A         4

Dungeon Overview and Level Annotations

Branches:
Dungeon (1/1)

Altars:
Cheibriados
Dithmenos
Fedhas
Gozag
Kikubaaqudgha
Makhleb
Okawaru
Qazlal
Ru
Sif Muna
Trog
Uskayaw
Vehumet
Wu Jian
Xom
Yredelemnul
Zin
The Shining One
Beogh
Jiyva
Lugonu

Shops:
D *[??*?*:[((!!!!

Annotations:
D Lernaean hydra


Innate Abilities, Weirdness & Mutations

You have temporarily grown beastly horns and talons.
You have razor-sharp teeth.
Your natural rate of healing is unusually fast.
When hurt, damage is shared between your health and your magic reserves.
Your bite disrupts and absorbs the magic of your enemies.
Potions cannot restore your health.
You cannot study or use magical devices.
You are hated by all.


Message History

Okay, then.
You cannot evoke magical items.
Unknown command.
Okay, then.
Okay, then.
Okay, then.
Casting: Wereblood (safe; 1% risk of failure)
Confirm with . or Enter, or press ? or * to list all spells.
You grow a pair of large bovine horns.
Your feet morph into talons.
You feel yourself speed up.
It was a potion of heal wounds.
That seemed strangely inert.
Okay, then.
You cannot evoke magical items.
Okay, then.
Okay, then.
A red film seems to cover your vision as you go berserk!
You feel yourself moving faster!
You feel mighty!
You feel a strong urge to attack something.
You punch the 27-headed Lernaean hydra!
You punch the 27-headed Lernaean hydra!!
The 27-headed Lernaean hydra is moderately wounded.
You punch the 27-headed Lernaean hydra! You claw the 27-headed Lernaean hydra!
You punch the 27-headed Lernaean hydra!
Your bite misses the 27-headed Lernaean hydra.
The 27-headed Lernaean hydra is heavily wounded.
The 27-headed Lernaean hydra bites you! x3
The 27-headed Lernaean hydra bites you. x2
The 27-headed Lernaean hydra bites you but does no damage.
The 27-headed Lernaean hydra bites you!
* * * LOW HITPOINT WARNING * * *
The 27-headed Lernaean hydra bites you.
* * * LOW HITPOINT WARNING * * *
The 27-headed Lernaean hydra barely misses you.
The 27-headed Lernaean hydra bites you!
* * * LOW HITPOINT WARNING * * *
The 27-headed Lernaean hydra bites you!
* * * LOW HITPOINT WARNING * * *
The 27-headed Lernaean hydra bites you but does no damage. x2
The 27-headed Lernaean hydra bites you!
You die...

###.........###
#⌠...........⌠#
######.8......[..8.######
##.___......###......___∩##
#∩........8.# #.8........∩##
............###.............
.........###...###..........
.........# #)<.# #..........
.........###..@###.÷÷D......
...........[###D............
#∩........8.# #.8........∩##
##∩_._......###......___∩##
######.8.........8.######
#⌠.....†.....⌠#
###.........### #_......._#
#........_#


You could see the 27-headed Lernaean hydra.

Vanquished Creatures
  A redback (D)
  A wraith (D)
  Sigmund (D)
  A naga (D)
  A water moccasin (D)
  An ogre (D)
  3 scorpions (D)
  A killer bee (D)
  2 wights (D)
  Terence (D)
  5 adders (D)
  A spectral adder (D)
  A giant cockroach (D)
  A goblin (D)
  A spectral giant cockroach (D)
  A spectral jackal (D)
23 creatures vanquished.

Vanquished Creatures (others)
  A wight (D)
1 creature vanquished.

Grand Total: 24 creatures vanquished

Notes
Turn   | Place    | Note
-------+----------+-------------------------------------------
     0 | D        | Zeldest the Vine Stalker Transmuter began the quest for the
                  | Orb.
     0 | D        | Reached XP level 1. HP: 9/9 MP: 4/4
     1 | D        | Found a stormy altar of Qazlal.
     1 | D        | Found a sacrificial altar of Ru.
     2 | D        | Found a shadowy altar of Dithmenos.
     2 | D        | Found a blossoming altar of Fedhas.
     3 | D        | Found a snail-covered altar of Cheibriados.
     3 | D        | Found a hide-covered altar of Uskayaw.
     4 | D        | Found a corrupted altar of Lugonu.
     4 | D        | Found Qausch's Weapon Rack.
     4 | D        | Found Ucipp's Premium Goods.
     5 | D        | Found Guelur's Basic Armour.
     5 | D        | Found Huocw's Miscellaneous Merchandise.
     5 | D        | Round 1.
     6 | D        | Found an iron altar of Okawaru.
     7 | D        | Noticed Sigmund
     9 | D        | Became a worshipper of Ru the Awakened
    11 | D        | Killed Sigmund
    12 | D        | Reached skill level 5 in Unarmed Combat
    12 | D        | Reached skill level 5 in Transmutations
    12 | D        | Reached XP level 2. HP: 18/18 MP: 6/6
    12 | D        | Reached XP level 3. HP: 21/21 MP: 7/7
    12 | D        | Gained mutation: Your natural rate of healing is unusually
                  | fast. [Vine Stalker growth]
    12 | D        | Reached XP level 4. HP: 26/26 MP: 8/8
    12 | D        | Reached XP level 5. HP: 30/30 MP: 9/9
    16 | D        | Bought a +0 troll leather armour for 180 gold pieces
    27 | D        | Noticed Terence
    31 | D        | Reached skill level 6 in Unarmed Combat
    31 | D        | Killed Terence
    32 | D        | Reached skill level 1 in Air Magic
    42 | D        | Found a radiant altar of Vehumet.
    44 | D        | Found a burning altar of Makhleb.
    44 | D        | Found an ancient bone altar of Kikubaaqudgha.
    45 | D        | Found Aghem's Identification Station.
    45 | D        | Found a glowing golden altar of the Shining One.
    45 | D        | Found a basalt altar of Yredelemnul.
    46 | D        | Found Qyamni's Advanced Armour.
    46 | D        | Found Lipp's Jewellery.
    48 | D        | Found an opulent altar of Gozag.
    49 | D        | Found a viscous altar of Jiyva.
    51 | D        | Found a glowing silver altar of Zin.
    51 | D        | Found an ornate altar of the Wu Jian Council.
    52 | D        | Found Xuidd's Magic Scroll Shop.
    52 | D        | Found Diexet's Staff Store.
    53 | D        | Found Daic's Magic Scroll Shop.
    53 | D        | Found Kouxt's Must-Have Magic.
    55 | D        | Found a shimmering blue altar of Sif Muna.
    56 | D        | Found a bloodstained altar of Trog.
    58 | D        | Found a shimmering altar of Xom.
    59 | D        | Found Itry's Distillery.
    59 | D        | Found Zikil's Do-It-Yourself Clinic.
    60 | D        | Found Ecagg's Distillery.
    60 | D        | Found Pulangi's Bottled Wisdom.
    62 | D        | Gained mutation: You are hated by all. [Ru sacrifice]
    62 | D        | Reached * piety under Ru
    62 | D        | Reached ** piety under Ru
    71 | D        | Noticed an ogre
    81 | D        | Killed an ogre
    82 | D        | Reached skill level 5 in Fighting
    82 | D        | Reached skill level 5 in Dodging
    82 | D        | Reached XP level 6. HP: 35/35 MP: 10/10
    82 | D        | Arena points: 14 (+14) [x2]
   141 | D        | Round 2.
   159 | D        | Reached skill level 7 in Unarmed Combat
   189 | D        | Noticed a redback
   195 | D        | Killed a redback
   196 | D        | Reached XP level 7. HP: 2/41 MP: 6/11
   281 | D        | Reached skill level 8 in Unarmed Combat
   281 | D        | Reached skill level 5 in Air Magic
   285 | D        | Arena points: 56 (+42) [x3]
   342 | D        | Round 3.
   347 | D        | Learned a level 2 spell: Wereblood
   371 | D        | Noticed a naga
   381 | D        | Killed a naga
   382 | D        | Gained mutation: You have razor-sharp teeth. [Vine Stalker
                  | growth]
   382 | D        | Reached XP level 8. HP: 39/46 MP: 9/12
   398 | D        | Arena points: 128 (+72) [x4]
   413 | D        | Round 4.
   420 | D        | Noticed a wraith
   445 | D        | Killed a wraith
   481 | D        | Reached skill level 9 in Unarmed Combat
   484 | D        | Gained mutation: You cannot study or use magical devices.
                  | [Ru sacrifice]
   484 | D        | Reached *** piety under Ru
   506 | D        | Arena points: 288 (+160) [x5]
   524 | D        | Bought a book of the Sky for 308 gold pieces
   545 | D        | Round 5.
   561 | D        | Noticed the 27-headed Lernaean hydra
   571 | D        | HP: 2/70 [the 27-headed Lernaean hydra (7)]
   571 | D        | Slain by the 27-headed Lernaean hydra

Illustrated notes

Levels and vault maps discovered:
D:        arena_sprint

Skill      XL: |  1  2  3  4  5  6  7  8 |
---------------+-------------------------+-----
Fighting       | 4 5 6 7 |  7.7
Dodging        | 4 5 6 7 |  7.2
Unarmed Combat | 5 6 7 8 9 |  9.0
Transmutations | 5 6 7 8 |  8.6
Air Magic      | 2 4 6 |  6.5
Spellcasting   | |  2.1

Action                   |  1- 3 |  4- 6 |  7- 9 || total
-------------------------+-------+-------+-------++-------
Melee: Unarmed           |       |    15 |    59 ||    74
       Bite              |       |     5 |    10 ||    15
       Kick              |       |     3 |    11 ||    14
       Headbutt          |       |     5 |    15 ||    20
       Punch             |       |       |     6 ||     6
 Cast: Beastly Appendage |       |     4 |     9 ||    13
       Wereblood         |       |       |     4 ||     4
Invok: Sacrifice Love    |       |     1 |       ||     1
       Sacrifice Artific |       |       |     1 ||     1
Evoke: Wand              |     2 |     2 |       ||     4
  Use: Potion            |       |       |     4 ||     4
Armor: Troll leather arm |       |     2 |     4 ||     6
Dodge: Dodged            |       |     9 |    28 ||    37

Table legend: (Time is in decaauts)
 A = Elapsed time spent in this place.
 B = Non-inter-level travel time spent in this place.
 C = Inter-level travel time spent in this place.
 D = Time resting spent in this place.
 E = Time spent auto-exploring this place.
 F = Levels seen in this place.
 G = Mean time per level.
                   A        B        C        D        E       F      G
               +--------+--------+--------+--------+--------+-----+--------+
         Total |    573 |    573 |      0 |     85 |      0 |   1 |  573.0 |
       Dungeon |    573 |    573 |      0 |     85 |      0 |   1 |  573.0 |
               +--------+--------+--------+--------+--------+-----+--------+

Top non-repeatable levels by time:
       D: 573 daAuts
